 Dungeon Crawl Stone Soup version 0.22-a0-283-g1871b15 (webtiles) character file.

548 wvc the Magician (level 7, -5/56 HPs)
             Began as a Gnoll Wanderer on Mar 18, 2018.
             Slain by a slave (9 damage)
             ... led by Pikel
             ... on level 4 of the Dungeon.
             The game lasted 00:08:19 (3046 turns).

wvc the Magician (Gnoll Wanderer)                   Turns: 3046, Time: 00:08:20

Health: -5/56      AC:  6    Str: 16    XL:     7   Next: 28%
Magic:  15/15      EV: 12    Int: 15    God:
Gold:   136        SH:  0    Dex: 14    Spells: 17/17 levels left

rFire    . . .     SeeInvis .   s - +2 quarterstaff (chaos)
rCold    . . .     Gourm    .   (shield currently unavailable)
rNeg     . . .     Faith    .   e - +0 leather armour
rPois    +         Spirit   .   p - +2 hat
rElec    .         Reflect  .   w - +0 cloak
rCorr    .         Harm     .   (no gloves)
MR       .....                  (no boots)
Stlth    +++.......             (no amulet)
HPRegen  0.18/turn              l - ring of stealth
MPRegen  0.14/turn              n - ring of poison resistance

@: no status effects
A: distributed training, fangs 1, strong nose
a: no special abilities


You were on level 4 of the Dungeon.
You were not hungry.

You visited 1 branch of the dungeon, and saw 4 of its levels.

You collected 136 gold pieces.

Inventory:

Hand Weapons
 a - a +3 spear
 i - a +2 dagger of holy wrath
 s - a +2 quarterstaff of chaos (weapon)
 t - a +0 blowgun
Missiles
 g - 8 tomahawks (quivered)
 m - 23 poisoned needles
Armour
 e - a +0 leather armour (worn)
 p - a +2 hat (worn)
 q - a +0 shield
 w - a +0 cloak (worn)
Jewellery
 l - a ring of stealth (left hand)
 n - a ring of poison resistance (right hand)
Wands
 v - a wand of flame (24)
Scrolls
 d - 8 scrolls of teleportation
 r - a scroll of enchant weapon
 u - a scroll of enchant armour
Potions
 b - 3 potions of curing
 c - a potion of agility
 h - a potion of magic
 j - 2 potions of haste
 k - 3 potions of lignification
 o - a potion of invisibility
Comestibles
 f - 7 rations
 x - 3 chunks of flesh


   Skills:
 + Level 5.2 Fighting
 + Level 2.3 Short Blades
 + Level 2.3 Long Blades
 + Level 2.3 Axes
 + Level 2.3 Maces & Flails
 + Level 2.3 Polearms
 + Level 2.3 Staves
 + Level 2.3 Slings
 + Level 2.3 Bows
 + Level 2.3 Crossbows
 + Level 3.5 Throwing
 + Level 2.3 Armour
 + Level 2.3 Dodging
 + Level 3.3 Stealth
 + Level 3.5 Shields
 + Level 2.3 Unarmed Combat
 + Level 5.5 Spellcasting
 + Level 4.2 Conjurations
 + Level 1.9 Hexes
 + Level 1.9 Charms
 + Level 1.9 Summonings
 + Level 1.9 Necromancy
 + Level 1.9 Translocations
 + Level 1.9 Transmutations
 + Level 2.9 Fire Magic
 + Level 1.9 Ice Magic
 + Level 1.9 Air Magic
 + Level 1.9 Earth Magic
 + Level 1.9 Poison Magic
 + Level 2.6 Invocations
 + Level 2.3 Evocations


You had 17 spell levels left.
You didn't know any spells.

Dungeon Overview and Level Annotations

Branches:
Dungeon (4/15)
 Temple: D:4-7

Altars:
Hepliaklqana
Kikubaaqudgha
Okawaru
Uskayaw
Yredelemnul

Annotations:
D:4 Pikel


Innate Abilities, Weirdness & Mutations

Your experience applies equally to all skills.
You have very sharp teeth.
Your uncanny sense of smell can sniff out nearby items.


Message History

The slave hits you. Pikel closely misses you.
You hit Pikel. Your bite misses Pikel.
Pikel is moderately wounded.
The slave hits you. x2; The slave hits you but does no damage.
Pikel closely misses you. The slave hits you.
You hit Pikel.
Pikel is moderately wounded.
The slave hits you but does no damage. The slave hits you.
* * * LOW HITPOINT WARNING * * *
Pikel barely misses you. The slave hits you but does no damage.
You hit Pikel.
Pikel is heavily wounded.
The slave closely misses you. The slave hits you.
* * * LOW HITPOINT WARNING * * *
Pikel hits you but does no damage. The ooze hits you.
* * * LOW HITPOINT WARNING * * *
The slave hits you.
* * * LOW HITPOINT WARNING * * *
The slave hits you!
You die...

.. .. ...... .... ..
.#..... ..) ... ..
....#.#... ... .
........ .... .
#.....#.....
..###.?..#..... ∆
......pKp..[.... ∆∆
#.....p@.........
####..J.##.###...# .
........##.# #..#####.
....>......# #...)....
...#.....).# #.#<..
.#(........# ####.....
..........## #....#.#.
...#......######......##
.#.#...................#


You could see Pikel, 3 slaves and an ooze.

Vanquished Creatures
  Sigmund (D:2)
  The ghost of wvc the Cudgeler, an amateur BaWn (D:4)
  Blork the orc (D:4)
  Crazy Yiuf (D:3)
  A worker ant (D:2)
  4 adders
  An ooze (D:1)
  5 worms
  3 dart slugs
  5 leopard geckos
  2 giant cockroaches
  12 goblins
  9 hobgoblins
  A quokka (D:2)
  6 bats
  7 frilled lizards
  7 kobolds
  11 rats
78 creatures vanquished.

Notes
Turn   | Place    | Note
-------+----------+-------------------------------------------
     0 | D:1      | wvc the Gnoll Wanderer began the quest for the Orb.
     0 | D:1      | wvc set off with: a +2 spear, a potion of curing, a +0 robe, a ration
     0 | D:1      | Reached XP level 1. HP: 20/20 MP: 6/6
   123 | D:1      | Reached XP level 2. HP: 25/26 MP: 7/7
   368 | D:1      | Reached XP level 3. HP: 29/31 MP: 9/9
   410 | D:1      | Reached skill level 5 in Spellcasting
   641 | D:2      | Reached skill level 1 in Invocations
   699 | D:2      | Noticed Sigmund
   714 | D:2      | Killed Sigmund
   714 | D:2      | Reached skill level 1 in Short Blades
   714 | D:2      | Reached skill level 1 in Long Blades
   714 | D:2      | Reached skill level 1 in Axes
   714 | D:2      | Reached skill level 1 in Maces & Flails
   714 | D:2      | Reached skill level 1 in Polearms
   714 | D:2      | Reached skill level 1 in Staves
   714 | D:2      | Reached skill level 1 in Slings
   714 | D:2      | Reached skill level 1 in Bows
   714 | D:2      | Reached skill level 1 in Crossbows
   714 | D:2      | Reached skill level 1 in Armour
   714 | D:2      | Reached skill level 1 in Dodging
   714 | D:2      | Reached skill level 1 in Unarmed Combat
   714 | D:2      | Reached skill level 1 in Hexes
   714 | D:2      | Reached skill level 1 in Charms
   714 | D:2      | Reached skill level 1 in Summonings
   714 | D:2      | Reached skill level 1 in Necromancy
   714 | D:2      | Reached skill level 1 in Translocations
   714 | D:2      | Reached skill level 1 in Transmutations
   714 | D:2      | Reached skill level 1 in Ice Magic
   714 | D:2      | Reached skill level 1 in Air Magic
   714 | D:2      | Reached skill level 1 in Earth Magic
   714 | D:2      | Reached skill level 1 in Poison Magic
   714 | D:2      | Reached skill level 1 in Evocations
   714 | D:2      | Reached XP level 4. HP: 16/38 MP: 11/11
   714 | D:2      | Reached XP level 5. HP: 18/43 MP: 12/12
   946 | D:2      | Reached XP level 6. HP: 44/50 MP: 13/13
  1206 | D:2      | Found an iron altar of Okawaru.
  1208 | D:2      | Found a hide-covered altar of Uskayaw.
  1208 | D:2      | Found an ancient bone altar of Kikubaaqudgha.
  1228 | D:2      | Found a basalt altar of Yredelemnul.
  1861 | D:3      | Found a hazy altar of Hepliaklqana.
  1930 | D:3      | Reached skill level 5 in Fighting
  2420 | D:3      | Found a runed door.
  2499 | D:3      | Noticed Crazy Yiuf
  2510 | D:3      | Killed Crazy Yiuf
  2650 | D:4      | Noticed Pikel
  2650 | D:4      | Noticed a slave
  2650 | D:4      | Noticed a slave
  2652 | D:4      | Noticed a slave
  2707 | D:4      | Noticed wvc's ghost (amateur BaWn)
  2739 | D:4      | Killed wvc's ghost
  2739 | D:4      | Reached XP level 7. HP: 25/56 MP: 15/15
  2928 | D:4      | Noticed Blork the orc
  2940 | D:4      | Killed Blork the orc
  3046 | D:4      | Slain by a slave

Vault maps used:
D:1:      scummos_arrival_checkerplants
D:2:      grunt_temple_overflow_cloverleaf, uniq_sigmund
D:3:      nicolae_overflow_crystal_walls, first_ration,
          small_statue_intersection, patterned_corridor, uniq_crazy_yiuf_cottage
D:4:      lightli_temple_of_fire, uniq_blork_the_orc, uniq_pikel

Skill      XL: |  1  2  3  4  5  6 |
---------------+-------------------+-----
Fire Magic     | 2 |  2.9
Spellcasting   | 5 |  5.5
Invocations    | 1 2 |  2.6
Short Blades   | 1 2 |  2.3
Long Blades    | 1 2 |  2.3
Axes           | 1 2 |  2.3
Maces & Flails | 1 2 |  2.3
Polearms       | 1 2 |  2.3
Staves         | 1 2 |  2.3
Slings         | 1 2 |  2.3
Bows           | 1 2 |  2.3
Crossbows      | 1 2 |  2.3
Throwing       | 3 |  3.5
Armour         | 1 2 |  2.3
Dodging        | 1 2 |  2.3
Shields        | 3 |  3.5
Unarmed Combat | 1 2 |  2.3
Conjurations   | 4 |  4.2
Hexes          | 1 |  1.9
Charms         | 1 |  1.9
Summonings     | 1 |  1.9
Necromancy     | 1 |  1.9
Translocations | 1 |  1.9
Transmutations | 1 |  1.9
Ice Magic      | 1 |  1.9
Air Magic      | 1 |  1.9
Earth Magic    | 1 |  1.9
Poison Magic   | 1 |  1.9
Evocations     | 1 2 |  2.3
Stealth        | 3 |  3.3
Fighting       | 5 |  5.2

Action                   |  1- 3 |  4- 6 |  7- 9 || total
-------------------------+-------+-------+-------++-------
Melee: Spear             |    86 |   124 |       ||   210
       Bite              |     6 |    11 |     3 ||    20
       Quarterstaff      |       |    10 |    16 ||    26
       Punch             |       |     2 |       ||     2
Throw: Tomahawk          |    12 |     3 |       ||    15
  Use: Potion            |     2 |       |       ||     2
       Scroll            |       |    12 |       ||    12
 Stab: Sleeping          |     6 |    18 |       ||    24
  Eat: Chunk             |       |     5 |       ||     5
       Ration            |       |     1 |       ||     1
Armor: Robe              |     6 |       |       ||     6
       Leather armour    |     9 |    16 |     7 ||    32
Dodge: Dodged            |    29 |    50 |    13 ||    92

Table legend:
 A = Spawn XP
 B = Non-spawn XP
 C = Spawn XP percentage of total XP
 D = Spawn monster count
 E = Non-spawn monster count
 F = Spawn count percentage of total count
 G = Total turns spent on level
                    A         B        C        D         E        F      G
               +---------+---------+-------+---------+---------+-------+---------
         Total |       0 |     784 |   0.0 |       0 |      78 |   0.0 |  3046
               +---------+---------+-------+---------+---------+-------+---------
           D:1 |       0 |      43 |   0.0 |       0 |      23 |   0.0 |   572
           D:2 |       0 |     364 |   0.0 |       0 |      33 |   0.0 |  1158
           D:3 |       0 |     100 |   0.0 |       0 |      20 |   0.0 |   960
           D:4 |       0 |     277 |   0.0 |       0 |       2 |   0.0 |   356
               +---------+---------+-------+---------+---------+-------+---------
